 Dungeon Crawl Stone Soup version 0.17.0-24-gcfadda4 (webtiles) character file.

1615 Ohshi the Thaumaturge (level 8, 0/42 HPs)
             Began as a Deep Elf Conjurer on Nov 17, 2015.
             Slain by a gnoll
             ... wielding a +0 flail
              (6 damage)
             ... in the Ecumenical Temple.
             The game lasted 00:30:29 (5365 turns).

Ohshi the Thaumaturge (Deep Elf Conjurer)           Turns: 5365, Time: 00:30:29

Health: 0/42       AC:  8    Str:  5    XL:     8   Next: 64%
Magic:  18/23      EV: 14    Int: 28    God:
Gold:   274        SH:  0    Dex: 15    Spells: 6 memorised, 10 levels left

rFire  . . .     SeeInvis .     w - +0 blowgun
rCold  . . .     Clarity  .     a - +0 robe
rNeg   . . .     SustAt   .     (no shield)
rPois  .         Gourm    .     (no helmet)
rElec  .         Spirit   .     (no cloak)
rCorr  .         Warding  .     (no gloves)
rMut   .         Stasis   .     (no boots)
MR     .....                    l - amulet of regeneration
Stlth  +++.......               s - +5 ring of intelligence
                                d - +6 ring of protection

@: not resistant to hostile enchantments, fairly stealthy
A: no striking features
a: no special abilities


You were in the Ecumenical Temple.
You were full.

You visited 2 branches of the dungeon, and saw 7 of its levels.

You collected 274 gold pieces.

Inventory:

Hand Weapons
 h - a +2 short sword of speed
 n - a +0 whip of electrocution
 w - a +0 blowgun (weapon)
 y - a +2 dagger of electrocution
Missiles
 x - 18 poisoned needles (quivered)
Armour
 a - a +0 robe (worn)
Jewellery
 d - a +6 ring of protection (left hand)
 e - an uncursed ring of ice
 l - an amulet of regeneration (around neck)
 o - a +5 ring of protection
 s - a +5 ring of intelligence (right hand)
 u - a +4 ring of strength
 B - a +3 ring of dexterity
Scrolls
 f - 2 scrolls of identify
 m - a scroll of random uselessness {unknown}
 q - a scroll of enchant weapon {unknown}
 r - a scroll of teleportation
 v - a scroll of enchant armour {unknown}
 z - a scroll of recharging {unknown}
 D - a scroll of magic mapping {unknown}
Potions
 g - a potion of curing
 k - 2 potions of cancellation
 C - a potion of might {unknown}
Books
 b - a book of Conjurations

   Spells                             Type                      Level
   a - Magic Dart                     Conjuration                  1
   b - Searing Ray                    Conjuration                  2
   c - Dazzling Spray                 Conjuration/Hexes            3
   d - Fulminant Prism                Conjuration/Hexes            4
   e - Iskenderun's Mystic Blast      Conjuration                  4
   f - Iskenderun's Battlesphere      Conjuration/Charms           5
 A - a book of Dreams

   Spells                             Type                      Level
   a - Ensorcelled Hibernation        Hexes/Ice                    2
   b - Phase Shift                    Translocation                5
   c - Shadow Creatures               Summoning                    5
   d - Silence                        Hexes/Air                    5
   e - Darkness                       Hexes                        6
   f - Mass Confusion                 Hexes                        6
Comestibles
 c - 2 bread rations
 t - a fruit


   Skills:
 + Level 0.5 Fighting
 + Level 0.4 Throwing
 + Level 4.5 Dodging
 + Level 4.0 Stealth
 + Level 0.4 Unarmed Combat
 + Level 9.5 Spellcasting
 + Level 8.8 Conjurations
 + Level 1.5 Hexes
 + Level 1.0 Ice Magic


You had 10 spell levels left.
You knew the following spells:

 Your Spells              Type           Power        Failure   Level  Hunger
a - Magic Dart            Conj           ####         1%          1    None
b - Searing Ray           Conj           ######       1%          2    None
c - Iskenderun's Mystic   Conj           ######..     1%          4    None
d - Dazzling Spray        Conj/Hex       #####...     1%          3    None
e - Ensorcelled Hibernat  Hex/Ice        ###...       4%          2    None
f - Fulminant Prism       Conj/Hex       #####.....   6%          4    None


Dungeon Overview and Level Annotations

Branches:
Dungeon (6/15)             Temple (1/1) D:6

Altars:
Ashenzari
Cheibriados
Makhleb
Nemelex Xobeh
Okawaru
Ru
Trog
Vehumet
Xom
Yredelemnul
The Shining One


Message History

Press: ? - help, Shift-Dir - straight line, f - gnoll
Aim: a gnoll, wielding a flail (chance to defeat MR: 59%)
The gnoll looks drowsy...
The orc priest calls down the wrath of Beogh upon you.
Something smites you!
* * * LOW HITPOINT WARNING * * *
The gnoll shouts!
Drink which item? (? for menu, Esc to quit)
You feel better.
Casting: Ensorcelled Hibernation
Confirm with . or Enter, or press ? or * to list all spells.
Aiming: Ensorcelled Hibernation
Press: ? - help, Shift-Dir - straight line, f/p - gnoll
Aim: a gnoll, wielding a flail (chance to defeat MR: 59%)
The gnoll is unaffected.
The orc priest calls down the wrath of Beogh upon you.
Something smites you!
* * * LOW HITPOINT WARNING * * *
The gnoll hits you with a flail.
You die...

##...≈≈.≈≈...##
#_...≈≈.≈≈..._#
#..≈≈≈≈.≈≈≈≈..#
#..≈≈≈...≈≈≈..#
#......<......#
#..≈≈≈.o[≈≈≈..#
#..≈≈≈≈.≈≈≈≈..#
#_...≈≈g≈≈..._#
##...≈≈@≈≈...##
##.........##
##..._...##
#########


You could see an orc priest and a gnoll.

Vanquished Creatures
  The ghost of dadoka the Covert, a novice SpCK of Xom (D:4)
  The ghost of ConnectionFaild the Charlatan, an amateur SpAr (D:5)
  4 ogres
  3 ice beasts
  A centaur (D:5)
  A scorpion (D:6)
  2 crimson imps
  An orc priest (D:3)
  5 orc wizards
  An iguana (D:6)
  3 worker ants
  10 adders
  4 gnolls (D:6)
  3 oozes
  An adder skeleton (D:4)
  A worm (D:4)
  A giant gecko (D:5)
  11 orcs
  A ball python (D:4)
  3 giant cockroaches
  7 hobgoblins
  6 kobolds
  A ball python skeleton (D:4)
  7 bats
  7 giant newts
  9 goblins
  7 jackals
  11 rats
113 creatures vanquished.

Vanquished Creatures (others)
  A giant frog zombie (D:6)
1 creature vanquished.

Grand Total: 114 creatures vanquished

Notes
Turn   | Place    | Note
--------------------------------------------------------------
     0 | D:1      | Ohshi the Deep Elf Conjurer began the quest for the Orb.
     0 | D:1      | Reached XP level 1. HP: 10/10 MP: 6/6
   111 | D:1      | Reached XP level 2. HP: 15/15 MP: 1/8
   287 | D:1      | Reached skill level 5 in Conjurations
   394 | D:1      | Learned a level 2 spell: Searing Ray
   766 | D:1      | Reached XP level 3. HP: 19/19 MP: 6/9
   988 | D:2      | You fall through a shaft for 2 floors!
  1164 | D:4      | Noticed dadoka's ghost (novice SpCK)
  1184 | D:3      | Reached XP level 4. HP: 20/24 MP: 6/11
  1201 | D:3      | Found a radiant altar of Vehumet.
  1202 | D:3      | Found a burning altar of Makhleb.
  1207 | D:3      | Reached skill level 6 in Conjurations
  1310 | D:3      | Learned a level 4 spell: Iskenderun's Mystic Blast
  1896 | D:3      | Reached XP level 5. HP: 24/28 MP: 7/13
  2108 | D:3      | Found a faded altar to an unknown god.
  2725 | D:4      | Reached skill level 5 in Spellcasting
  2872 | D:4      | Killed dadoka's ghost
  2872 | D:4      | Reached XP level 6. HP: 17/33 MP: 6/17
  2971 | D:4      | Noticed an ogre
  3007 | D:4      | Killed an ogre
  3007 | D:4      | Reached skill level 7 in Conjurations
  3007 | D:4      | Reached XP level 7. HP: 17/37 MP: 13/19
  3177 | D:4      | Learned a level 3 spell: Dazzling Spray
  3180 | D:4      | Learned a level 2 spell: Ensorcelled Hibernation
  3185 | D:4      | Learned a level 4 spell: Fulminant Prism
  3435 | D:5      | Entered Level 5 of the Dungeon
  3458 | D:5      | Found a sacrificial altar of Ru.
  3523 | D:5      | Noticed ConnectionFaild's ghost (amateur SpAr)
  3528 | D:5      | Killed ConnectionFaild's ghost
  3862 | D:5      | Reached skill level 8 in Spellcasting
  4214 | D:5      | Reached XP level 8. HP: 42/42 MP: 16/22
  4760 | D:6      | Found a shimmering altar of Xom.
  4762 | D:6      | Noticed an angel
  5057 | D:6      | Found an iron altar of Okawaru.
  5078 | D:6      | Reached skill level 9 in Spellcasting
  5096 | D:6      | Reached skill level 1 in Hexes
  5186 | D:6      | Found a staircase to the Ecumenical Temple.
  5217 | Temple   | Entered the Ecumenical Temple
  5345 | Temple   | Reached skill level 1 in Ice Magic
  5365 | Temple   | Slain by a gnoll

Action                   |  1- 3 |  4- 6 |  7- 9 || total
-------------------------+-------+-------+-------++-------
Melee: Unarmed           |    10 |       |       ||    10
 Fire: Blowgun           |       |       |     1 ||     1
 Cast: Magic Dart        |    75 |    73 |    87 ||   235
       Iskenderun's Myst |       |     3 |     7 ||    10
       Searing Ray       |       |     6 |    15 ||    21
       Ensorcelled Hiber |       |       |     9 ||     9
       Dazzling Spray    |       |       |     4 ||     4
  Use: Scroll            |       |       |     4 ||     4
       Potion            |       |       |     1 ||     1
  Eat: Bread ration      |       |     2 |     1 ||     3
       Fruit             |       |       |     4 ||     4
       Pizza             |       |       |     1 ||     1
       Beef jerky        |       |       |     1 ||     1
